 Dungeon Crawl Stone Soup version 0.29-a0-334-gb41bcbb86e (webtiles) character file.

Game seed: 3279967055371246376

105 freelancePsychic the Cutter (level 4, -10/34 HPs)
             Began as a Demonspawn Warper on Apr 14, 2022.
             Was a Follower of Dithmenos.
             Mangled by an orc
             ... wielding a +2 hand axe of distortion
              (17 damage)
             ... on level 3 of the Dungeon.
             The game lasted 00:05:12 (4099 turns).

freelancePsychic the Cutter (Demonspawn Warper)     Turns: 4099, Time: 00:05:13

Health: -10/34     AC: 10    Str: 11    XL:     4   Next: 54%
Magic:  7/7        EV: 11    Int: 16    God:    Dithmenos [*.....]
Gold:   103        SH:  0    Dex: 13    Spells: 7/7 levels left

rFire   . . .      SeeInvis .   f - +1 dagger
rCold   . . .      Faith    .   (no shield)
rNeg    + . .      Spirit   .   b - +0 leather armour
rPois   .          Reflect  .   (no helmet)
rElec   .          Harm     .   n - +0 cloak
rCorr   .          Rampage  .   (no gloves)
Will    .....                   (no boots)
Stlth   ++........              (no amulet)
HPRegen 0.11/turn               e - ring of positive energy
MPRegen 0.10/turn               (no ring)

@: sanguine armoured, wreathed by umbra
A: sanguine armour 1
a: Renounce Religion


You were on level 3 of the Dungeon.
You worshipped Dithmenos.
Dithmenos was aware of your devotion.
You visited 1 branch of the dungeon, and saw 4 of its levels.

You collected 103 gold pieces.

Inventory:

Hand Weapons
 a - a +0 short sword
 f - a +1 dagger (weapon)
Armour
 b - a +0 leather armour (worn)
 n - a +0 cloak (worn)
Jewellery
 e - a ring of positive energy (left hand)
 i - a ring of resist corrosion
 r - an amulet of magic regeneration
Scrolls
 c - a scroll of blinking
 d - a scroll of brand weapon {unknown}
 o - 3 scrolls of magic mapping
Potions
 g - 3 potions of flight
 k - a potion of attraction
 l - a potion of curing {@q1}


   Skills:
 + Level 2.9 Fighting
 * Level 3.4 Short Blades
 - Level 0.8 Throwing
 - Level 0.9 Armour
 - Level 1.7 Dodging
 + Level 1.5 Stealth
 - Level 2.0 Spellcasting
 - Level 2.6 Translocations


You had 7 spell levels left.
You didn't know any spells.
Your spell library contained the following spells:

 Spells                   Type           Power      Damage    Failure   Level
 Blink                    Tloc           20%        N/A       14%         2
 Gell's Gravitas          Tloc           10%        N/A       26%         3
 Lesser Beckoning         Tloc           10%        N/A       26%         3
 Teleport Other           Tloc           10%        N/A       26%         3
 Sublimation of Blood     Necr           1%         N/A       38%         2
 Manifold Assault         Tloc           10%        N/A       94%         5
 Petrify                  Tmut/Erth      1%         N/A       95%         4
 Irradiate                Conj/Tmut      0%         3d13      100%        5


Dungeon Overview and Level Annotations

Branches:
Dungeon (4/15)
 Temple: D:4-7

Altars:
Ashenzari
Dithmenos
Fedhas
Qazlal

Annotations:
D:3 Ijyb, Robin


Innate Abilities, Weirdness & Mutations

When seriously injured, your blood forms armour. (AC +6)


Message History

The gnoll is moderately wounded.
Robin closely misses you. The gnoll closely misses you.
The gnoll hits you from afar with a +0 spear.
Your blood congeals into armour.
There is a stone staircase leading up here.
The gnoll hits you but does no damage.
You climb upwards.
There is a stone staircase leading down here.
You start resting.
Your blood armour dries and flakes away.
You start resting.
HP restored.
(D) Dungeon
Where to? (Enter - D:3, ? - help)
Okay, then.
There is a stone staircase leading down here.
You climb downwards.
Level annotation: Ijyb, Robin
Found a scroll labelled QILIRI DIQOICW.
Found a stone staircase leading up.
There is a stone staircase leading up here.
An orc comes into view.
It is wielding a +2 hand axe of distortion.
The orc shouts!
You hear a shout! x2
Okay, then.
An orc comes into view. It is wielding a +0 dagger.
You see here a scroll labelled QILIRI DIQOICW.
d - a scroll labelled QILIRI DIQOICW The orc attacks as you move away!
The orc hits you with a +2 hand axe of distortion.
Space warps around you.
You closely miss the orc.
The orc hits you with a +2 hand axe of distortion.
Space warps horribly around you!
* * * LOW HITPOINT WARNING * * *
Your blood congeals into armour.
You hit the orc but do no damage.
A worm comes into view.
The orc hits you but does no damage. Space warps horribly around you!
Ouch! That really hurt!
You die...

. ... #.# ##
#.#####.#
........# #
###.#.....#.##.
.....<.........
###.###<....##
#...o@.......#
#.#.##.......#
#.#.......#.w#
#.......#.# .#
#########.# #
.. ##. ##


You could see a worm (wandering) and an orc.

Vanquished Creatures
  An iguana (D:3)
  An adder (D:2)
  2 worms
  3 dart slugs
  An orc (D:3)
  3 endoplasms
  2 giant cockroaches
  13 goblins
  2 hobgoblins (D:3)
  3 jackals (D:2)
  8 kobolds
  A quokka (D:2)
  3 ball pythons (D:1)
  5 bats
  2 frilled lizards (D:1)
  2 rats
52 creatures vanquished.

Vanquished Creatures (others)
  9 plants (D:2)
9 creatures vanquished.

Grand Total: 61 creatures vanquished

Notes
Turn   | Place    | Note
-------+----------+-------------------------------------------
     0 | D:1      | freelancePsychic the Demonspawn Warper began the quest for
                  | the Orb.
     0 | D:1      | Reached XP level 1. HP: 16/16 MP: 3/3
   427 | D:1      | Reached skill level 2 in Short Blades
   662 | D:1      | Gained mutation: When seriously injured, your blood forms
                  | armour. (AC +6) [demonic ancestry]
   662 | D:1      | Reached XP level 2. HP: 21/22 MP: 5/5
  1156 | D:1      | Found a faded altar of an unknown god.
  2245 | D:2      | Reached XP level 3. HP: 12/28 MP: 6/6
  2486 | D:2      | Found a shadowy altar of Dithmenos.
  2503 | D:2      | Became a worshipper of Dithmenos the Shadowed
  2838 | D:2      | Reached skill level 3 in Short Blades
  2838 | D:2      | Reached skill level 1 in Stealth
  3309 | D:3      | Found a blossoming altar of Fedhas.
  3310 | D:3      | Found a broken altar of Ashenzari.
  3310 | D:3      | Found a stormy altar of Qazlal.
  3396 | D:3      | Noticed Ijyb
  3428 | D:4      | Noticed a wight
  3428 | D:4      | Noticed a wight
  3428 | D:4      | Noticed a wight
  3428 | D:4      | Noticed a wight
  3429 | D:4      | Noticed a wight
  3466 | D:3      | Reached XP level 4. HP: 19/34 MP: 7/7
  3707 | D:3      | Noticed Robin
  3746 | D:3      | Reached * piety under Dithmenos
  4099 | D:3      | Mangled by an orc

Illustrated notes

Levels and vault maps discovered:
D:1:      dpeg_arrival_solitude, layout_loops_corners,
          hellmonk_ecumenical_altar_zigzags
D:2:      minmay_spotlight, layout_rooms, basic_altar, serial_bayou,
          serial_bayou_lagoon_b, serial_bayou_pond_a, serial_bayou_crossing,
          serial_bayou_pond_c
D:3:      layout_basic, nicolae_sif_muna_little_library,
          chequers_temple_overflow_statue_of_worship, uniq_jessica, uniq_ijyb,
          uniq_robin
D:4:      layout_loops_corners, nicolae_elyvilon_peaceful_grove,
          guppyfry_shop_venom, uniq_blork_the_orc

Skill      XL: |  1  2  3 |
---------------+----------+-----
Short Blades   | 2 3 |  3.4
Stealth        | 1 |  1.5
Fighting       | |  2.9
Throwing       | |  0.8
Armour         | |  0.9
Dodging        | |  1.7
Spellcasting   | |  2.0
Translocations | |  2.6

Action                   |  1- 3 |  4- 6 || total
-------------------------+-------+-------++-------
Melee: Dagger            |   240 |    61 ||   301
       Short sword       |    15 |       ||    15
       Punch             |     3 |       ||     3
Throw: Boomerang         |     7 |       ||     7
  Use: Scroll            |     6 |       ||     6
       Potion            |     1 |     5 ||     6
 Stab: Sleeping          |     3 |       ||     3
Armor: Leather armour    |    79 |    35 ||   114
       Skin              |    12 |       ||    12
Dodge: Dodged            |   140 |    47 ||   187

Table legend: (Time is in decaauts)
 A = Elapsed time spent in this place.
 B = Non-inter-level travel time spent in this place.
 C = Inter-level travel time spent in this place.
 D = Time resting spent in this place.
 E = Time spent auto-exploring this place.
 F = Levels seen in this place.
 G = Mean time per level.
                   A        B        C        D        E       F      G
               +--------+--------+--------+--------+--------+-----+--------+
         Total |   4096 |   4013 |     83 |    767 |   2559 |   4 | 1024.0 |
       Dungeon |   4096 |   4013 |     83 |    767 |   2559 |   4 | 1024.0 |
               +--------+--------+--------+--------+--------+-----+--------+

Top non-repeatable levels by time:
     D:1: 2092 daAuts
     D:2: 1434 daAuts
     D:3: 567 daAuts
     D:4: 2 daAuts
